[Event "*** Titled Tuesday Blitz"]
[Site "Chess.com"]
[Date "2020.05.26"]
[Round "3"]
[White "Thipsay"]
[Black "ameetghasi100"]
[Result "1/2-1/2"]
[WhiteElo "2467"]
[BlackElo "2709"]
[TimeControl "180+1"]
[EndTime "10:31:02 PDT"]
[Termination "Game drawn by stalemate"]

1. e4 c6 2. d4 d5 3. Nc3 dxe4 4. Nxe4 Nf6 5. Nxf6+ exf6 6. Nf3 Bd6 7. Bd3 O-O 8. O-O Bg4 9. h3 Bh5 10. c3 Nd7 11.
Be3 Nb6 12. Be2 Nd5 13. Bd2 Re8 14. Re1 Qd7 15. Nh2 Bg6 16. Ng4 Re7 17. Bf1 Rxe1 18. Qxe1 Re8 19. Qd1 Bb8 20. Qf3 Be4 21. Qd1 Qd6 22.
g3 h5 23. Ne3 h4 24. Nxd5 Qxd5 25. Qg4 hxg3 26. fxg3 Bf3 27. Qh4 Qf5 28. g4 Qc2 29. Re1 Rf8 30. Qf2 Qxb2 31. a4 Bd5 32. c4 Be6 33.
Be3 Qxf2+ 34. Kxf2 b6 35. Rb1 Bc7 36. c5 Bd5 37. cxb6 Bxb6 38. Rc1 Rd8 39. Bg2 Bxg2 40.
Kxg2 Bxd4 41. Bxd4 Rxd4 42. Rxc6 Rxa4 43. Kg3 Kh7 44.
h4 Kg6 45. h5+ Kh6 46. Rc8 a6 47. Kh4 Kh7 48. Kg3 Rb4 49. Ra8 Ra4 50. Rf8 Kh6 51. Rxf7 Ra3+ 52. Kh4 Ra1 53. Ra7 a5 54. Ra8 Kh7 55. Ra7 a4 56. Kg3 a3 57. Ra5 a2 58.
Kg2 Kh6 59. Kh2 Kh7 60. Kg2 Kg8 61. Ra7 Kf8 62. Kh2 Ke8 63. Kg2 Kd8 64. g5 fxg5 65.
Kh2 Kc8 66. Kg2 Kb8 67. Ra3 Kb7 68. Kh2 Kc6 69. Kg2 Kc5 70. Ra8 Kd4 71. Ra7 Ke4 72. Ra6 Kf4 73. Ra7 Kg4 74. Ra6 Kxh5 75. Ra7 Kh4 76. Ra6 g6 77. Ra5 Kg4 78. Ra7 Kf4 79.
Ra4+ Kf5 80. Ra5+ Kg4 81. Ra4+ Kh5 82. Ra5 Kh4 83. Ra4+ g4 84. Ra8 Kg5 85. Ra5+ Kh4 86. Ra8 g3 87. Ra4+ Kg5 88. Ra5+ Kh6 89. Ra6 Kh5 90. Ra5+ g5 91. Ra4 Rb1 92. Rxa2 Rb3 93. Rc2 Kh4 94. Rc4+ g4 95. Rc8 Rb2+ 96. Kg1 g2 97.
Rh8+ Kg3 98. Rh3+ Kf4 99. Rc3 Kg5 100. Rd3 Rc2 101. Rd8 Kf4 102. Rd3 Re2 103. Rb3 Re3 104. Rxe3 Kxe3 105. Kxg2 Ke4 106. Kg3 Kf5 107. Kg2 Kg5 108. Kg3 Kh5 109. Kg2 Kh4 110. Kh2 g3+ 111. Kg2 Kg4 112. Kg1 Kf4 113. Kg2 Kg4 114. Kg1 Kf3 115. Kf1 g2+ 116. Kg1 Kg3 1/2-1/2

[Event "*** Titled Tuesday Blitz"]
[Site "Chess.com"]
[Date "2020.05.26"]
[Round "3"]
[White "bascheyaro"]
[Black "Bigfish1995"]
[Result "1/2-1/2"]
[WhiteElo "2696"]
[BlackElo "3023"]
[TimeControl "180+1"]
[EndTime "10:31:08 PDT"]
[Termination "Game drawn by repetition"]

1. d4 Nf6 2. c4 e6 3. Nf3 a6 4.
Bg5 h6 5. Bh4 c5 6. e3 cxd4 7.
exd4 b5 8. Nc3 Bb4 9. Bxf6 Qxf6 10. cxb5 axb5 11. Bxb5 Qf5 12. Be2 O-O 13. O-O Bxc3 14.
bxc3 Ra3 15. Qb1 Qxb1 16. Rfxb1 Ba6 17. Bxa6 Nxa6 18. Rb3 Ra4 19. Nd2 d5 20. Kf1 Ra8 21. Ke2 Nc7 22. Kd3 Ne8 23. a3 Nd6 24. Rab1 Rxa3 25.
Rxa3 Rxa3 26. Rb6 Nf5 27. g3 g5 28. Rb2 g4 29. f3 h5 30. fxg4 hxg4 31. Nf1 Nd6 32. Ne3 Ne4 33. Nxg4 Rxc3+ 34. Ke2 Nd6 35. Ne5 Nf5 36. Nf3 Kg7 37. Rb7 Rc2+ 38. Ke1 Kf8 39.
Ra7 Ke8 40. Ra8+ Ke7 41. Ra7+ Kf6 42. g4 Nd6 43. Ne5 Rxh2 44. g5+ Kf5 45. Rd7 Nc4 46.
Rxf7+ Ke4 47. g6 Nxe5 48. dxe5 Rg2 49. g7 Kxe5 50. Kf1 Rg5 51. Ke2 Kd6 52. Kf3 e5 53. Ra7 Ke6 54. Rb7 Kf6 55. Rd7 d4 56. Rd6+ Kf5 57. Rd7 Ke6 58. Ra7 Kf6 59. Ra6+ Kxg7 60. Ke4 Kf7 61. Rb6 Ke7 62. Ra6 Kd7 63. Rb6 Rh5 64. Ra6 Ke7 65. Rb6 Kf7 66. Ra6 Rg5 67. Rb6 Rg6 68. Rb5 Re6 69. Rb1 Ke7 70. Rb7+ Kf6 71.
Rb5 Re7 72. Rb6+ Kf7 73. Rb3 Kg6 74. Rb6+ Kg5 75. Rb8 Kf6 76. Rb6+ Re6 77. Rb5 Re8 78. Rb6+ Kf7 79. Rb7+ Kg6 80. Rb6+ Kg5 81. Rb7 Kg4 82. Rg7+ Kh3 83. Rg1 Kh2 84. Rg7 Re6 85. Rg5 Rd6 86.
Kf3 d3 87. Kf2 Rf6+ 88. Ke3 Rd6 89. Kd2 e4 90. Re5 Rd4 91. Rg5 Kh3 92. Ke3 d2 93.
Kxd4 d1=Q+ 94. Kxe4 Qe2+ 95. Kf5 Qf3+ 96. Kg6 Kh4 97.
Rf5 Qc6+ 98. Kf7 Kg4 99. Rf6 Qd7+ 100. Kg6 Qe7 101. Rf7 Qe5 102. Rf6 Qh5+ 103. Kg7 Kg5 104. Rf7 Qe2 105. Kf8 Qe6 106. Rg7+ Kh4 107. Rh7+ Kg3 108. Rg7+ Kh3 109. Rh7+ Kg4 110. Rg7+ Kh5 111. Rh7+ Kg5 112. Rg7+ Kf5 113. Rf7+ Kg6 114. Rg7+ Kh6 115. Rh7+ Kg5 116. Rg7+ 1/2-1/2

[Event "*** Titled Tuesday Blitz"]
[Site "Chess.com"]
[Date "2020.05.26"]
[Round "4"]
[White "rasmussvane"]
[Black "LiverpooL174"]
[Result "1-0"]
[WhiteElo "2854"]
[BlackElo "2665"]
[TimeControl "180+1"]
[EndTime "10:33:04 PDT"]
[Termination "rasmussvane won by resignation"]

1. Nf3 Nf6 2. g3 d6 3. Bg2 Nbd7 4. O-O e5 5. d4 e4 6. Nfd2 d5 7. c4 c6 8. Nc3 Bb4 9. Qb3 Bd6 10. cxd5 cxd5 11. Nxd5 Nxd5 12. Qxd5 Nf6 13. Qb5+ Bd7 14. Qxb7 O-O 15. Nxe4 Nxe4 16. Qxe4 Re8 17. Qxa8 1-0

[Event "*** Titled Tuesday Blitz"]
[Site "Chess.com"]
[Date "2020.05.26"]
[Round "4"]
[White "MoonlighT89"]
[Black "mrkvoz"]
[Result "0-1"]
[WhiteElo "2541"]
[BlackElo "2837"]
[TimeControl "180+1"]
[EndTime "10:33:33 PDT"]
[Termination "mrkvoz won by resignation"]

1. e4 d6 2. d4 Nf6 3. Nc3 e5 4. Nf3 Nc6 5. dxe5 Nxe5 6. Nxe5 dxe5 7. Qxd8+ Kxd8 8. Bc4 Ke8 9. f3 c6 10. Be3 Nd7 11. a4 a5 12. Ke2 Bc5 13. Rad1 Bxe3 14. Kxe3 Ke7 15. Rhf1 Nc5 16. Ne2 Nxa4 17. f4 Nxb2 18. Ba2 Nxd1+ 0-1

[Event "*** Titled Tuesday Blitz"]
[Site "Chess.com"]
[Date "2020.05.26"]
[Round "4"]
[White "Andreikka"]
[Black "1g41-0"]
[Result "1-0"]
[WhiteElo "2929"]
[BlackElo "2556"]
[TimeControl "180+1"]
[EndTime "10:33:57 PDT"]
[Termination "Andreikka won by resignation"]

1. d4 d5 2. Bf4 c5 3. e3 Nc6 4. c3 Nf6 5. Nd2 Bf5 6. Ngf3 e6 7. Bb5 Qb6 8. Qa4 Be7 9. Ne5 O-O 10. Bxc6 Qxb2 11. O-O Qxd2 12. Bxb7 Rab8 13. Qxa7 Bd6 14. Nf3 1-0

[Event "*** Titled Tuesday Blitz"]
[Site "Chess.com"]
[Date "2020.05.26"]
[Round "4"]
[White "antoszu"]
[Black "Quiet_Desperation"]
[Result "1-0"]
[WhiteElo "2498"]
[BlackElo "2201"]
[TimeControl "180+1"]
[EndTime "10:34:08 PDT"]
[Termination "antoszu won by resignation"]

1. d4 Nf6 2. c4 e6 3. Nc3 Bb4 4. f3 d5 5. a3 Be7 6. e4 dxe4 7. fxe4 e5 8. d5 Bc5 9. Nf3 Bg4 10. h3 Bxf3 11. Qxf3 Nbd7 12. Be2 a5 13. Bd2 O-O 14. O-O-O Qe7 15. Kb1 a4 16. g4 Ne8 17. g5 Nd6 18.
h4 Rfb8 19. h5 c6 20. g6 fxg6 21. hxg6 h6 22. Qh3 Bxa3 1-0

[Event "*** Titled Tuesday Blitz"]
[Site "Chess.com"]
[Date "2020.05.26"]
[Round "4"]
[White "nikitakhoroshev"]
[Black "crescentmoon2411"]
[Result "0-1"]
[WhiteElo "2431"]
[BlackElo "2760"]
[TimeControl "180+1"]
[EndTime "10:34:16 PDT"]
[Termination "crescentmoon2411 won by resignation"]

1. d4 Nf6 2. c4 g6 3. Nc3 Bg7 4.
e4 d6 5. Be2 O-O 6. Bg5 c5 7. d5 a6 8. a4 Qb6 9. Qc2 e6 10. a5 Qd8 11. f3 exd5 12. cxd5 b5 13.
axb6 Qxb6 14. Na4 Qb7 15. Bh6 Bxh6 0-1

[Event "*** Titled Tuesday Blitz"]
[Site "Chess.com"]
[Date "2020.05.26"]
[Round "4"]
[White "Larina_Marija"]
[Black "bluejay1897"]
[Result "1-0"]
[WhiteElo "2140"]
[BlackElo "2348"]
[TimeControl "180+1"]
[EndTime "10:34:16 PDT"]
[Termination "Larina_Marija won by resignation"]

1. e4 c5 2. Nc3 e6 3. g3 Nc6 4. Bg2 Nf6 5. Nge2 Be7 6. d4 cxd4 7. Nxd4 O-O 8. O-O a6 9. Kh1 Qc7 10. f4 d6 11. g4 Nxd4 12. Qxd4 e5 13. Qe3 Bxg4 14.
Qg3 exf4 15. Bxf4 Bh5 16. e5 dxe5 17. Bxe5 Qb6 18. Nd5 1-0

[Event "*** Titled Tuesday Blitz"]
[Site "Chess.com"]
[Date "2020.05.26"]
[Round "4"]
[White "Lubov_Gordyk"]
[Black "Artem_Koval"]
[Result "1-0"]
[WhiteElo "2604"]
[BlackElo "2407"]
[TimeControl "180+1"]
[EndTime "10:34:27 PDT"]
[Termination "Lubov_Gordyk won by resignation"]

1. e4 c5 2. g3 Nc6 3. Bg2 h5 4. h3 d6 5. Ne2 Nf6 6. c3 e5 7. d4 cxd4 8. cxd4 Qb6 9. d5 Nd4 10.
Nbc3 g6 11. O-O Bg7 12. Be3 Nxe2+ 13. Qxe2 Qd8 14. Rfc1 a6 15. Na4 Kd7 16. Nb6+ 1-0

[Event "*** Titled Tuesday Blitz"]
[Site "Chess.com"]
[Date "2020.05.26"]
[Round "4"]
[White "Leo_C"]
[Black "Zakaryan_David"]
[Result "0-1"]
[WhiteElo "2275"]
[BlackElo "2494"]
[TimeControl "180+1"]
[EndTime "10:34:44 PDT"]
[Termination "Zakaryan_David won by resignation"]

1. d4 Nf6 2. c4 g6 3. f3 d5 4.
cxd5 Nxd5 5. e4 Nb6 6. Nc3 Bg7 7. Be3 Nc6 8. Bb5 O-O 9. Bxc6 bxc6 10. Nge2 Nc4 11. Bc1 e5 12. d5 cxd5 13. exd5 Qh4+ 14. g3 Qh3 15. Kf2 Bb7 16. b3 Nb6 17. Bg5 Qf5 18.
Be3 Rad8 19. Bxb6 axb6 20. Rc1 c6 21. d6 c5 22. Nd5 Kh8 23. g4 Qe6 24. Nc7 Qf6 25. Nd5 Qh4+ 26. Kg2 Rxd6 27. Nec3 Rfd8 28. Qe1 Qxe1 29. Rhxe1 Bxd5 0-1

[Event "*** Titled Tuesday Blitz"]
[Site "Chess.com"]
[Date "2020.05.26"]
[Round "4"]
[White "MrMatesM"]
[Black "Mikasinski"]
[Result "1-0"]
[WhiteElo "2599"]
[BlackElo "2374"]
[TimeControl "180+1"]
[EndTime "10:34:45 PDT"]
[Termination "MrMatesM won by resignation"]

1. d4 Nf6 2. Nc3 d5 3. Bf4 e6 4.
e3 a6 5. Nf3 Nc6 6. Bd3 Bd6 7.
Ne5 h6 8. Qf3 Nd7 9. Nxf7 Kxf7 10.
Bxd6+ Nf6 11. Bf4 Rf8 12. O-O-O Kg8 13. h4 e5 14. dxe5 Bg4 15. Qg3 1-0

[Event "*** Titled Tuesday Blitz"]
[Site "Chess.com"]
[Date "2020.05.26"]
[Round "4"]
[White "Cubitas"]
[Black "ElGasanov"]
[Result "0-1"]
[WhiteElo "2516"]
[BlackElo "2747"]
[TimeControl "180+1"]
[EndTime "10:34:47 PDT"]
[Termination "ElGasanov won by resignation"]

1. e4 c5 2. Nf3 Nc6 3. d4 cxd4 4. Nxd4 Nf6 5. Nc3 g6 6. Be2 Bg7 7. Nb3 O-O 8. g4 d5 9. exd5 Nb4 10. Bf3 Bxg4 11.
Bxg4 Nxg4 12. Qxg4 Nxc2+ 13. Ke2 Nxa1 14. Nxa1 Bxc3 15.
bxc3 Qxd5 16. Rd1 Qxa2+ 17. Bd2 Rfd8 18. Qf4 Rd6 0-1

[Event "*** Titled Tuesday Blitz"]
[Site "Chess.com"]
[Date "2020.05.26"]
[Round "4"]
[White "PavelChernomordik"]
[Black "ChessyInstinct"]
[Result "1-0"]
[WhiteElo "2229"]
[BlackElo "2396"]
[TimeControl "180+1"]
[EndTime "10:34:54 PDT"]
[Termination "PavelChernomordik won by resignation"]

1. e4 d5 2. exd5 Qxd5 3. Nc3 Qd6 4. Bc4 Nf6 5. Nf3 c6 6. O-O Bg4 7. Qe2 e6 8. h3 Bxf3 9. Qxf3 Nbd7 10. Bb3 Qc7 11. d4 g6 12. Bf4 Bd6 13. Bh6 Bf8 14. Bxf8 Kxf8 15. Ne4 Kg7 16. Rfe1 Rad8 17. Rad1 Qa5 18.
Nd6 Qc7 19. Nxf7 Kxf7 20. Rxe6 Kg7 21. Re7+ Kf8 22. Rf7+ 1-0

[Event "*** Titled Tuesday Blitz"]
[Site "Chess.com"]
[Date "2020.05.26"]
[Round "4"]
[White "Stronger1799"]
[Black "andriipalchuk"]
[Result "1-0"]
[WhiteElo "2358"]
[BlackElo "2065"]
[TimeControl "180+1"]
[EndTime "10:34:56 PDT"]
[Termination "Stronger1799 won by resignation"]

1. e4 c6 2. d4 d5 3. e5 c5 4. dxc5 Nc6 5. Nf3 Bg4 6. c3 Bxf3 7. Qxf3 Nxe5 8. Bb5+ Nc6 9. O-O Nf6 10. c4 e6 11.
Nc3 Bxc5 12. cxd5 exd5 13. Bg5 Be7 14. Bxf6 Bxf6 15. Rfe1+ Kf8 16. Nxd5 Nd4 17. Qa3+ Kg8 18. Re8+ Qxe8 19. Bxe8 Rxe8 20. Nxf6+ gxf6 21. Qg3+ Kf8 22.
Qd6+ 1-0

[Event "*** Titled Tuesday Blitz"]
[Site "Chess.com"]
[Date "2020.05.26"]
[Round "4"]
[White "Baby_Shak"]
[Black "Feegus"]
[Result "1-0"]
[WhiteElo "2629"]
[BlackElo "2464"]
[TimeControl "180+1"]
[EndTime "10:35:10 PDT"]
[Termination "Baby_Shak won by checkmate"]

1. d4 Nf6 2. Bf4 g6 3. Nc3 d5 4. e3 Bg7 5. Nf3 O-O 6. h4 h6 7. Ne5 c5 8. Qd2 Nc6 9. Bb5 Qb6 10.
O-O-O cxd4 11. exd4 Bf5 12. Bxc6 bxc6 13. Bxh6 Rab8 14. b3 c5 15. Bxg7 Kxg7 16. Na4 Qa6 17. dxc5 Ne4 18. Qd4 f6 19. Nd7 Bxd7 20. h5 Bxa4 21.
hxg6 Rh8 22. Qxd5 Bc6 23. Qf7# 1-0

[Event "*** Titled Tuesday Blitz"]
[Site "Chess.com"]
[Date "2020.05.26"]
[Round "4"]
[White "MNyuyu"]
[Black "tgpgoat"]
[Result "1-0"]
[WhiteElo "2298"]
[BlackElo "2064"]
[TimeControl "180+1"]
[EndTime "10:35:10 PDT"]
[Termination "MNyuyu won by checkmate"]

1. d4 Nf6 2. Nf3 d5 3. Bf4 c5 4. e3 Nc6 5. c3 Qb6 6. Qb3 c4 7.
Qc2 Bf5 8. Qc1 e6 9. Nh4 Bg6 10.
Nxg6 hxg6 11. h3 Qd8 12. Nd2 Bd6 13. Bxd6 Qxd6 14. f4 b5 15. Be2 a5 16. O-O O-O 17.
Kh1 Rfc8 18. b3 b4 19. bxc4 bxc3 20. Qxc3 dxc4 21. Nxc4 Qd5 22. Bf3 Ne4 23. Qd3 Nb4 24. Qxe4 Qxc4 25. Rac1 Qxc1 26. Rxc1 Rxc1+ 27. Kh2 Rac8 28. Qe5 R8c2 29. Qxa5 Nxa2 30. Qd8+ Kh7 31. Qe8 Rc7 32. d5 exd5 33. Bxd5 Nc3 34. Bxf7 Ne2 35. Qg8+ Kh6 36. Qh8# 1-0

[Event "*** Titled Tuesday Blitz"]
[Site "Chess.com"]
[Date "2020.05.26"]
[Round "4"]
[White "Raja3401"]
[Black "Kavyev_Ruslan"]
[Result "1-0"]
[WhiteElo "2699"]
[BlackElo "2496"]
[TimeControl "180+1"]
[EndTime "10:35:14 PDT"]
[Termination "Raja3401 won by resignation"]

1. e4 c5 2. Nf3 d6 3. d4 cxd4 4. Nxd4 Nf6 5. Nc3 a6 6. Bg5 Nbd7 7. Qe2 h6 8. Bh4 g6 9. f4 Qc7 10. O-O-O e5 11. fxe5 dxe5 12. Nd5 Nxd5 13. exd5 Bd6 14. g4 O-O 15. Nb3 b5 16. Qd2 Kg7 17. Bg2 Nb6 18.
Rdf1 Bxg4 19. Bf6+ Kh7 20. h4 h5 21. Be4 Nd7 22. Qg5 Nxf6 23. Rxf6 Rg8 24. Rhf1 Raf8 25. Na5 Be7 26. Rxf7+ 1-0

[Event "*** Titled Tuesday Blitz"]
[Site "Chess.com"]
[Date "2020.05.26"]
[Round "4"]
[White "InitiatingASC"]
[Black "swisspower96"]
[Result "0-1"]
[WhiteElo "2391"]
[BlackElo "2597"]
[TimeControl "180+1"]
[EndTime "10:35:21 PDT"]
[Termination "swisspower96 won by resignation"]

1. Nf3 d5 2. b3 Bf5 3. Bb2 Nf6 4. e3 e6 5. c4 h6 6. cxd5 exd5 7. Be2 Be7 8. O-O O-O 9. d3 a5 10. a3 Nbd7 11.
Nbd2 c5 12. Qc2 a4 13. bxa4 Nb6 14. Rab1 Nxa4 15. Bxf6 Bxf6 16. Rxb7 Nc3 17. Re1 Rxa3 18. e4 Ra2 19. Qb3 dxe4 20. dxe4 Rxd2 21. Nxd2 Qxd2 22.
Kf1 Bxe4 23. Bc4 Bxb7 0-1

[Event "*** Titled Tuesday Blitz"]
[Site "Chess.com"]
[Date "2020.05.26"]
[Round "4"]
[White "Pultis"]
[Black "Thipsay"]
[Result "1-0"]
[WhiteElo "2719"]
[BlackElo "2461"]
[TimeControl "180+1"]
[EndTime "10:35:22 PDT"]
[Termination "Pultis won by resignation"]

1. d4 Nf6 2. c4 g6 3. Nc3 Bg7 4. g3 d6 5. Bg2 O-O 6. Nf3 Nbd7 7.
O-O a6 8. Qc2 Rb8 9. a4 a5 10.
b3 e5 11. e3 Re8 12. Ba3 exd4 13. exd4 Nf8 14. Rfe1 Bf5 15. Qd2 Ne4 16. Nxe4 Bxe4 17. Qxa5 Bxf3 18. Rxe8 Qxe8 19. Bxf3 Bxd4 20. Re1 Qd7 21.
Kg2 c6 22. Rd1 Ne6 23. Rxd4 Nxd4 24. Qa7 Nxf3 25. Qxb8+ Kg7 26. Bxd6 Ng5 27. Qf8+ Kf6 28. Qh8+ Kf5 29. Qe5+ Kg4 30. Qf4+ 1-0

[Event "*** Titled Tuesday Blitz"]
[Site "Chess.com"]
[Date "2020.05.26"]
[Round "4"]
[White "GMaka"]
[Black "mr65"]
[Result "1-0"]
[WhiteElo "2385"]
[BlackElo "2189"]
[TimeControl "180+1"]
[EndTime "10:35:22 PDT"]
[Termination "GMaka won by resignation"]

1. Nf3 Nf6 2. b3 g6 3. Bb2 Bg7 4. g3 O-O 5. Bg2 d6 6. O-O Nc6 7. d4 e5 8. dxe5 Nd7 9. c4 Ndxe5 10. Nxe5 Nxe5 11. Nc3 Re8 12. Rc1 c6 13. h3 Bf5 14.
f4 Nd7 15. e4 Bxe4 16. Bxe4 Rxe4 17. Nxe4 Bxb2 18. Rc2 Bg7 19. Qxd6 c5 20. Rd2 Bd4+ 21. Rxd4 cxd4 22. Qxd7 Qxd7 23. Nf6+ Kg7 24. Nxd7 b6 25. Ne5 1-0

[Event "*** Titled Tuesday Blitz"]
[Site "Chess.com"]
[Date "2020.05.26"]
[Round "4"]
[White "Msb2"]
[Black "aa175"]
[Result "1-0"]
[WhiteElo "2874"]
[BlackElo "2550"]
[TimeControl "180+1"]
[EndTime "10:35:23 PDT"]
[Termination "Msb2 won by resignation"]

1. d4 e5 2. dxe5 Nc6 3. Nf3 Qe7 4. Nc3 Nxe5 5. e4 Nf6 6. Bg5 c6 7. Be2 h6 8. Bh4 d6 9. O-O Be6 10. Nd4 g5 11. Bg3 Nc4 12. Bxc4 Bxc4 13. Nf5 Qe6 14. Re1 O-O-O 15. Qd4 h5 16. Rad1 h4 17. Bxd6 Bxd6 18. Nxd6+ Kc7 19. Qxc4 Rxd6 20. Nb5+ Kb8 21. Nxd6 h3 22.
Qxe6 1-0

[Event "*** Titled Tuesday Blitz"]
[Site "Chess.com"]
[Date "2020.05.26"]
[Round "4"]
[White "Shubinkirill2003"]
[Black "GM4life"]
[Result "1-0"]
[WhiteElo "2607"]
[BlackElo "2378"]
[TimeControl "180+1"]
[EndTime "10:35:27 PDT"]
[Termination "Shubinkirill2003 won by checkmate"]

1. e4 c5 2. Nf3 d6 3. d4 cxd4 4. Qxd4 Nc6 5. Bb5 Bd7 6. Qd3 Nf6 7. c4 g6 8. Nc3 Bg7 9. h3 O-O 10. O-O a6 11. Bxc6 Bxc6 12. Nd4 Rc8 13. Be3 Nd7 14. Rac1 Qa5 15. Rfd1 Qb4 16. b3 Nc5 17. Qb1 b5 18. Nxc6 Rxc6 19. Nd5 Qa3 20. Nxe7+ Kh8 21. Nxc6 Re8 22.
cxb5 axb5 23. e5 Bxe5 24. Nxe5 Rxe5 25. Bd4 Ne6 26. Bxe5+ dxe5 27. Qe4 f6 28. Rc8+ Kg7 29. Rd7+ Kh6 30. Qh4# 1-0

[Event "*** Titled Tuesday Blitz"]
[Site "Chess.com"]
[Date "2020.05.26"]
[Round "4"]
[White "paperotto610"]
[Black "gmelviro"]
[Result "1-0"]
[WhiteElo "2293"]
[BlackElo "2073"]
[TimeControl "180+1"]
[EndTime "10:35:28 PDT"]
[Termination "paperotto610 won by resignation"]

1. Nf3 f5 2. b3 Nf6 3. Bb2 e6 4. c4 c6 5. g3 d5 6. Bg2 Bd6 7. O-O Qe7 8. d3 O-O 9. Nbd2 dxc4 10. Nxc4 Bc7 11. Nce5 Nbd7 12. Qd2 Nxe5 13. Nxe5 Nd7 14. Nxd7 Bxd7 15. d4 Rad8 16. Qc3 Be8 17. Rac1 Bb6 18. e3 Bh5 19. a4 a6 20. b4 Rc8 21. Qb3 Qf7 22. b5 axb5 23. axb5 Be2 24. bxc6 Bxf1 25. Kxf1 Bc7 26. cxb7 Rb8 27. d5 e5 28. Rxc7 Qxc7 29.
d6+ Qf7 30. Bd5 1-0

[Event "*** Titled Tuesday Blitz"]
[Site "Chess.com"]
[Date "2020.05.26"]
[Round "4"]
[White "Misha_Bilous"]
[Black "Manukyan_Artak"]
[Result "1-0"]
[WhiteElo "2459"]
[BlackElo "2282"]
[TimeControl "180+1"]
[EndTime "10:35:30 PDT"]
[Termination "Misha_Bilous won by resignation"]

1. d4 Nf6 2. c4 e6 3. Nf3 b6 4.
g3 Bb7 5. Bg2 c5 6. d5 exd5 7.
Nh4 g6 8. Nc3 Bg7 9. O-O O-O 10.
Bg5 h6 11. Bxf6 Bxf6 12. Nxg6 Re8 13. Nf4 Bxc3 14. bxc3 d6 15. Bxd5 Nc6 16. e4 Na5 17. Qh5 Qf6 18. Rad1 Re5 19. Qh3 Rg5 20. Bxb7 Nxb7 21.
Nd5 Qg7 22. f4 Rg4 23. Qxg4 1-0

[Event "*** Titled Tuesday Blitz"]
[Site "Chess.com"]
[Date "2020.05.26"]
[Round "4"]
[White "Snegokhod"]
[Black "Xeniya2005"]
[Result "0-1"]
[WhiteElo "2434"]
[BlackElo "2292"]
[TimeControl "180+1"]
[EndTime "10:35:32 PDT"]
[Termination "Xeniya2005 won by resignation"]

1. e4 e6 2. d3 d5 3. Nd2 c5 4. Ngf3 Nc6 5. g3 g6 6. Bg2 Bg7 7. O-O Nge7 8. Re1 Qc7 9. h4 h6 10. a3 O-O 11. Qe2 b6 12. e5 Ba6 13. Nf1 Rac8 14. c4 Nd4 15. Nxd4 cxd4 16. cxd5 Nxd5 17.
Nh2 Qc2 18. Qxc2 Rxc2 19. Bxd5 exd5 20. Ng4 Bxd3 21. Bxh6 Bxh6 22. Nxh6+ Kg7 23. Ng4 Bf5 24. Nf6 Rxb2 25. Nxd5 Rd8 26. Ne7 Bg4 27. Nc6 Rd7 28.
Nb4 d3 29. f3 Bxf3 30. Re3 d2 31. Rxf3 d1=Q+ 32. Rxd1 Rxd1+ 33. Rf1 Rxf1+ 34. Kxf1 Rb3 0-1

[Event "*** Titled Tuesday Blitz"]
[Site "Chess.com"]
[Date "2020.05.26"]
[Round "4"]
[White "HarutyunianTigranK"]
[Black "JosefineHeinemann"]
[Result "1-0"]
[WhiteElo "2702"]
[BlackElo "2504"]
[TimeControl "180+1"]
[EndTime "10:35:34 PDT"]
[Termination "HarutyunianTigranK won by resignation"]

1. c4 g6 2. Nc3 c5 3. Nf3 Bg7 4. g3 Nc6 5. Bg2 d6 6. O-O e5 7. Ne1 Nge7 8. Nc2 O-O 9. Ne3 Be6 10. Ned5 a6 11. d3 Rb8 12. a4 h6 13. Bd2 Nd4 14. e3 Ndc6 15. Rb1 f5 16. b4 Bxd5 17. Nxd5 cxb4 18.
Nxb4 Nxb4 19. Bxb4 Kh7 20. Qd2 b5 21. cxb5 axb5 22.
a5 Qd7 23. a6 Nc6 24. Rfc1 Rfc8 25. Bd5 Rb6 26. Ra1 Nxb4 27. Rxc8 Qxc8 28. a7 Ra6 29. Rxa6 Nxa6 30. a8=Q Qxa8 31. Bxa8 1-0

[Event "*** Titled Tuesday Blitz"]
[Site "Chess.com"]
[Date "2020.05.26"]
[Round "4"]
[White "TregubovP"]
[Black "Schachmalanders"]
[Result "1-0"]
[WhiteElo "2576"]
[BlackElo "2311"]
[TimeControl "180+1"]
[EndTime "10:35:34 PDT"]
[Termination "TregubovP won by resignation"]

1. e4 c5 2. Nf3 d6 3. c3 Nf6 4.
Be2 Nc6 5. d4 cxd4 6. cxd4 d5 7.
e5 Ne4 8. O-O e6 9. Nc3 Be7 10.
Bd3 Nxc3 11. bxc3 O-O 12. Qc2 g6 13. Bh6 Re8 14. Qd2 b6 15. Qf4 Bf8 16. Bxf8 Rxf8 17. Qh6 f5 18. exf6 Qxf6 19. Rae1 Bd7 20. Ng5 Qe7 21. Re3 Rae8 22. Rh3 Rf7 23. Bxg6 Rg7 24. Bxh7+ Kf8 25. Rf3+ 1-0

[Event "*** Titled Tuesday Blitz"]
[Site "Chess.com"]
[Date "2020.05.26"]
[Round "4"]
[White "Enriquack"]
[Black "bascheyaro"]
[Result "0-1"]
[WhiteElo "2342"]
[BlackElo "2698"]
[TimeControl "180+1"]
[EndTime "10:35:35 PDT"]
[Termination "bascheyaro won by resignation"]

1. e4 e6 2. d4 d5 3. Nc3 Bb4 4. Ne2 Nf6 5. Bg5 dxe4 6. a3 Be7 7. Bxf6 gxf6 8. Nxe4 b6 9. g4 Bb7 10. Bg2 Kf8 11. Qd3 f5 12. gxf5 exf5 13. N4g3 Bxg2 14. Rg1 Be4 15. Nxe4 fxe4 16. Qxe4 Nd7 17. O-O-O Nf6 18. Qf4 h6 19. Ng3 Qd6 20. Qf3 Qd5 21. Qe2 Re8 22.
Kb1 Bxa3 23. Qa6 Bd6 24. Qxa7 Ra8 0-1

[Event "*** Titled Tuesday Blitz"]
[Site "Chess.com"]
[Date "2020.05.26"]
[Round "4"]
[White "KacperPolOK"]
[Black "AlexTriapishko"]
[Result "0-1"]
[WhiteElo "2417"]
[BlackElo "2730"]
[TimeControl "180+1"]
[EndTime "10:35:42 PDT"]
[Termination "AlexTriapishko won by resignation"]

1. e4 c6 2. d4 d5 3. Nc3 dxe4 4.
Nxe4 Bf5 5. Ng3 Bg6 6. h4 h6 7. Nf3 e6 8. h5 Bh7 9. Bd3 Bxd3 10. Qxd3 Nf6 11. Bd2 Be7 12. O-O-O O-O 13. Nf1 c5 14.
Ne3 Nc6 15. dxc5 Qxd3 16. cxd3 Bxc5 17. Bc3 Rfd8 18. a3 Bxe3+ 19. fxe3 Ng4 20. Rd2 Nxe3 21. Rh3 Nf5 22. g4 Nfd4 23. Rg3 Nb3+ 24. Kc2 Nxd2 25. Kxd2 f6 26. Nh4 Rd5 27. Re3 Kf7 28. Ng2 Rad8 29. Nf4 R5d6 30. Kc2 e5 31. Ne2 Ne7 32. Ng3 Nd5 33.
Re4 Nxc3 34. bxc3 Rxd3 0-1

[Event "*** Titled Tuesday Blitz"]
[Site "Chess.com"]
[Date "2020.05.26"]
[Round "4"]
[White "Cambek64"]
[Black "Kostya26"]
[Result "0-1"]
[WhiteElo "2279"]
[BlackElo "2455"]
[TimeControl "180+1"]
[EndTime "10:35:43 PDT"]
[Termination "Kostya26 won by resignation"]

1. e4 c5 2. Nc3 Nc6 3. d3 g6 4.
Be3 d6 5. d4 cxd4 6. Bxd4 Nxd4 7.
Qxd4 Nf6 8. e5 dxe5 9. Bb5+ Bd7 10. Qxe5 a6 11. Bxd7+ Qxd7 12. Rd1 Qc6 13. Nd5 Nxd5 14. Qxh8 Nf6 15. Nf3 Qe4+ 16. Kd2 O-O-O+ 17. Kc3 Qc6+ 18. Kb3 Qb5+ 0-1

[Event "*** Titled Tuesday Blitz"]
[Site "Chess.com"]
[Date "2020.05.26"]
[Round "4"]
[White "Chigorinetz"]
[Black "KaterynaLagno"]
[Result "1-0"]
[WhiteElo "2509"]
[BlackElo "2676"]
[TimeControl "180+1"]
[EndTime "10:35:54 PDT"]
[Termination "Chigorinetz won by resignation"]

1. e4 e5 2. Bc4 Nc6 3. Nc3 Nf6 4. d3 Bb4 5. Nf3 d5 6. exd5 Nxd5 7. O-O Nxc3 8.
bxc3 Be7 9. Re1 O-O 10. Rb1 a6 11. Nxe5 Nxe5 12. Rxe5 Bf6 13. Rd5 Qe7 14. d4 b5 15. Bd3 Bb7 16. Rc5 1-0

[Event "*** Titled Tuesday Blitz"]
[Site "Chess.com"]
[Date "2020.05.26"]
[Round "4"]
[White "farzadbfd"]
[Black "Gyapiking"]
[Result "0-1"]
[WhiteElo "2737"]
[BlackElo "2538"]
[TimeControl "180+1"]
[EndTime "10:35:58 PDT"]
[Termination "Gyapiking won by resignation"]

1. e4 d5 2. exd5 Qxd5 3. Nc3 Qd6 4. d4 Nf6 5. Nge2 Bg4 6. f3 Bh5 7. Bf4 Qd8 8. g4 Bg6 9. Bg2 e6 10. h4 h5 11. g5 Nd5 12. Nxd5 exd5 13. Qd2 Nc6 14.
c3 Bd6 15. O-O-O O-O 16. Rde1 Na5 17. Bxd6 Nc4 18. Qf4 cxd6 19. Bh3 Qa5 20. a3 Nxa3 21. Bf5 Nc4 22. Kc2 Bxf5+ 23. Qxf5 Ne3+ 0-1